 Dungeon Crawl Stone Soup version 0.30.1-11-g7821555f0a (webtiles) character file.

Game seed: 2811492908943325664

4 booth the Conjurer (level 1, -3/12 HPs)
             Began as a Gargoyle Reaver on Oct 28, 2023.
             Frozen to death by an endoplasm (5 damage)
             ... on level 1 of the Dungeon.
             The game lasted 00:01:06 (169 turns).

booth the Conjurer (Gargoyle Reaver)                 Turns: 169, Time: 00:01:07

Health: -3/12      AC:  5    Str: 15    XL:     1   Next: 70%
Magic:  3/3        EV: 11    Int: 13    God:
Gold:   16         SH:  0    Dex:  8    Spells: 3/4 levels left

rFire   . . .        a - +0 mace
rCold   . . .        (no shield)
rNeg    + . .        b - +0 leather armour
rPois   ∞            (no helmet)
rElec   +            (no cloak)
rCorr   .            (no gloves)
SInv    .            (no boots)
Will    .....        (no amulet)
Stlth   +            (no ring)
HPRegen 0.22/turn    (no ring)
MPRegen 0.08/turn

%: no passive effects
@: no status effects
A: sickness immunity, AC +2, negative energy resistance 1, electricity
resistance, torment resistance 1, petrification resistance
a: no special abilities


You were on level 1 of the Dungeon.
You visited 1 branch of the dungeon, and saw 1 of its levels.

You collected 16 gold pieces.

Inventory:

Hand Weapons
 a - a +0 mace (weapon)
Missiles
 e - 5 poisoned darts
Armour
 b - a +0 leather armour (worn)
Jewellery
 g - a ring of protection from cold
Scrolls
 c - a scroll of poison {unknown}
Potions
 d - a potion of heal wounds {unknown}
 f - a potion of resistance {unknown}
 h - a potion of haste {unknown}


   Skills:
 + Level 2.2 Fighting
 * Level 3.0 Maces & Flails
 + Level 1.6 Dodging
 + Level 2.0 Spellcasting
 * Level 3.4 Conjurations


You had 3 spell levels left.
You knew the following spells:

 Your Spells              Type           Power      Damage    Failure   Level
a - Kiss of Death         Conj/Necr      20%        2d7       16%         1

Your spell library contained the following spells:

 Spells                   Type           Power      Damage    Failure   Level
 Momentum Strike          Conj/Tloc      10%        3d8       24%         2
 Hailstorm                Conj/Ice       5%         3d4       43%         3


Dungeon Overview and Level Annotations

Branches:
Dungeon (1/15)

Altars:


Innate Abilities, Weirdness & Mutations

You are immune to sickness and miasma.
Your stone body is resilient. (AC +2)
You are immune to poison.
You resist negative energy. (rN+)
You are resistant to electric shocks. (rElec)
You are resistant to unholy torment.
You are immune to petrification.


Message History

The endoplasm quivers.
You enter the shallow water.
Moving in this stuff is going to be slow.
A rat comes into view.
The rat moves out of view.
Something bites the plant.
The plant begins to die.
Something hits the plant. x2
Something bites the plant.
Something bites the plant.
Something hits the plant.
You enter the shallow water.
Moving in this stuff is going to be slow.
Something bites the plant.
A giant cockroach comes into view.
A nearby plant withers and dies.
The giant cockroach moves out of view.
A nearby plant withers and dies.
The rat bites you. The rat completely misses you.
You completely miss the rat. The rat closely misses you. The rat bites you.
Your unstable footing causes you to fumble your attack.
The rat closely misses you.
You barely miss the rat.
The rat splashes around in the water.
Found 5 gold pieces.
The endoplasm freezes you.
You are frozen.
The rat attacks as you move away!
The rat splashes around in the water.
The giant cockroach barely misses you. The rat bites you.
You hit the endoplasm.
The endoplasm is heavily wounded.
The endoplasm hits you.
* * * LOW HITPOINT WARNING * * *
The giant cockroach waves its antennae.
The giant cockroach bites you but does no damage.
The rat closely misses you. The endoplasm freezes you.
You are frozen.
* * * LOW HITPOINT WARNING * * *
You completely miss the giant cockroach.
The giant cockroach misses you. The rat barely misses you.
The endoplasm freezes you.
You are frozen.
You die...

#..PP. #.# .#
##.....#######.##.#.
#P....♣P............
#..♣~~..P.####.##.##
#.♣~~~~...####†##.#
#P~♣~~~..###...##.#
##.P~~~♣~.# #.####.##
#...B♣~~♣♣###.##.....
#.P.@J~~~..##.##.#.#.
#.#P?r♣♣(............
# ##P....#.##.##.#.#.
.....P..###.##.....
##.......# #.####.##
##..........# #.†.
........#### ####
##.$....# # ####


You could see an endoplasm, a giant cockroach and a rat.

Vanquished Creatures
  A bat (D:1)
  An endoplasm (D:1)
  A giant cockroach (D:1)
  A rat (D:1)
4 creatures vanquished.

Notes
Turn   | Place    | Note
-------+----------+-------------------------------------------
     0 | D:1      | booth the Gargoyle Reaver began the quest for the Orb.
     0 | D:1      | Reached XP level 1. HP: 12/12 MP: 3/3
   169 | D:1      | Frozen to death by an endoplasm

Illustrated notes

Levels and vault maps discovered:
D:1:      co_arrival_square_in_a_square_in_a_square, layout_loops_ring,
          serial_bayou_pond_a

Action                     || total
---------------------------++-------
  Melee: Mace              ||    14
 Armour: Leather armour    ||     4
  Dodge: Dodged            ||    17
